AoeStats
← mryendl2410

Arena

509900259Analyzed
3v3 RM · 3d ago on Sep 28, 2026· 59m 29s· 6 players
Game mode
Random Map
Map size
Normal (6 player)
Population
200
Speed
Normal
Resources
Standard
Victory
Conquest
Starting age
Dark Age
Ending age
Imperial Age
RankedLock teamsTeams togetherTeam positionsShared explorationLock speedFull tech treeHidden civsTurbo modeCheats
Victory
Defeat
🇻🇳 Italians · Vietnam
1336
+15
🇭🇰 Sicilians · Hong Kong SAR China
1310
+16
🇧🇩 Persians · Bangladesh
1226
+20
🇦🇺 Shu · Australia
1428
-21
🇨🇳 Koreans · China
1264
-15
🇺🇸 Ethiopians · United States
1263
-15
kingprodios
10:43 Feudal Age
14:54 Castle Age
12:58 Horse Collar
13:36 Double-Bit Axe
17:51 Bow Saw
23:35 Wheelbarrow
25:06 Loom
27:52 Imperial Age
25:08 Town Watch
27:04 First Crusade
27:10 Forging
27:00 Scale Mail Armor
27:29 Squires
27:21 Arson
29:02 Conscription
29:04 Chain Mail Armor
29:25 Iron Casting
29:15 Hand Cart
30:43 Plate Mail Armor
30:46 Elite Serjeant
33:04 Chemistry
32:24 Ballistics
33:50 Blast Furnace
33:04 Capped Ram
36:11 Siege Engineers
35:59 Fletching
35:31 Siege Ram
37:07 Onager
38:58 Bodkin Arrow
46:03 Murder Holes
46:10 Bracer
48:21 Town Patrol
48:35 Masonry
mryendl2410
11:10 Feudal Age
12:03 Feudal Age
13:06 Double-Bit Axe
15:51 Castle Age
13:35 Horse Collar
14:53 Gold Mining
16:37 Loom
20:57 Imperial Age
19:13 Fletching
21:06 Bodkin Arrow
29:07 Wheelbarrow
28:45 Bow Saw
28:36 Heavy Plow
28:42 Bracer
29:12 Ballistics
32:28 Padded Archer Armor
34:06 Leather Archer Armor
36:25 Ring Archer Armor
37:21 Wheelbarrow
55:30 Crossbowman
56:36 Thumb Ring
56:53 Arbalester
58:50 Chemistry
Kamrul007
7:36 Loom
11:05 Feudal Age
15:42 Castle Age
13:43 Double-Bit Axe
14:22 Horse Collar
16:29 Town Watch
17:09 Bow Saw
17:29 Heavy Plow
18:46 Wheelbarrow
28:42 Bloodlines
28:59 Scale Barding Armor
29:09 Forging
29:22 Husbandry
29:56 Gold Mining
30:07 Stone Mining
31:16 Iron Casting
31:26 Chain Barding Armor
33:16 Hand Cart
34:41 Gold Shaft Mining
38:22 Imperial Age
36:14 Town Patrol
36:45 Murder Holes
37:11 Ballistics
39:00 Conscription
39:17 Plate Barding Armor
39:47 Blast Furnace
38:28 Cavalier
39:16 Padded Archer Armor
39:08 Fletching
39:20 Kamandaran
39:59 Stone Shaft Mining
41:33 Chemistry
40:31 Crossbowman
41:22 Thumb Ring
43:16 Two-Man Saw
42:49 Crop Rotation
42:37 Leather Archer Armor
42:36 Onager
43:38 Bodkin Arrow
45:43 Ring Archer Armor
46:09 Light Cavalry
48:43 Hussar
57:07 Savar
Morgana
10:11 Feudal Age
10:17 Feudal Age
14:36 Castle Age
13:31 Double-Bit Axe
14:16 Horse Collar
22:17 Bow Saw
23:53 Wheelbarrow
24:48 Gold Mining
25:23 Heavy Plow
26:48 Loom
27:43 Gold Shaft Mining
27:06 Stone Mining
29:52 Imperial Age
27:59 Fletching
28:41 Bodkin Arrow
29:08 Ballistics
29:32 Fortified Wall
28:45 Crossbowman
30:37 Thumb Ring
30:46 Bracer
31:51 Chemistry
31:33 Arbalester
52:37 Two-Man Saw
52:49 Heavy Rocket Cart
55:29 Elite Skirmisher
荷兰省最终兵器
10:03 Feudal Age
14:06 Castle Age
12:28 Double-Bit Axe
13:14 Loom
15:14 Bow Saw
47:06 Horse Collar
52:44 Fletching
52:55 Padded Archer Armor
52:17 Crossbowman
53:03 Thumb Ring
56:00 Imperial Age
54:52 Bodkin Arrow
55:13 Leather Archer Armor
56:43 Bracer
57:45 Chemistry
57:06 Ballistics
56:39 Arbalester
59:52 Two-Man Saw
Momo
11:08 Feudal Age
11:41 Double-Bit Axe
11:38 Horse Collar
15:02 Castle Age
16:18 Bow Saw
16:09 Heavy Plow
21:08 Wheelbarrow
24:17 Hand Cart
24:54 Loom
24:55 Town Watch
29:04 Imperial Age
27:06 Scale Mail Armor
27:16 Forging
27:16 Squires
27:02 Arson
27:20 Royal Heirs
27:28 Gold Mining
28:48 Gold Shaft Mining
28:28 Stone Mining
29:19 Chain Mail Armor
29:11 Elite Shotel Warrior
29:15 Capped Ram
30:50 Plate Mail Armor
30:56 Iron Casting
31:33 Siege Ram
34:38 Blast Furnace
33:28 Halberdier
34:44 Conscription
48:57 Fortified Wall
56:30 Crossbowman
Connection lost

Rejoining the realm…

Still unreachable

The connection could not be restored.

Session expired

The server has moved on; the page needs a fresh start.